 Dungeon Crawl Stone Soup version 0.29-a0-25-g7f48f510a0 (webtiles) character file.

Game seed: 12872592506595700864

32 oldriver the Chopper (level 3, -2/31 HPs)
             Began as a Hill Orc Gladiator on Feb 1, 2022.
             Slain by a gnoll (7 damage)
             ... on level 1 of the Dungeon.
             The game lasted 00:01:14 (1222 turns).

oldriver the Chopper (Hill Orc Gladiator)           Turns: 1222, Time: 00:01:15

Health: -2/31      AC:  4    Str: 18    XL:     3   Next: 25%
Magic:  3/3        EV: 12    Int:  8    God:
Gold:   36         SH:  0    Dex: 12    Spells: 2/2 levels left

rFire   . . .      SeeInvis .   a - +0 war axe
rCold   . . .      Faith    .   (no shield)
rNeg    . . .      Spirit   .   b - +0 leather armour
rPois   .          Reflect  .   c - +0 helmet
rElec   .          Harm     .   (no cloak)
rCorr   .          Rampage  .   (no gloves)
Will    .....                   (no boots)
Stlth   +.........              (no amulet)
HPRegen 0.10/turn               (no ring)
MPRegen 0.08/turn               (no ring)

@: no status effects
A: no striking features
a: no special abilities


You were on level 1 of the Dungeon.
You visited 1 branch of the dungeon, and saw 1 of its levels.

You collected 36 gold pieces.

Inventory:

Hand Weapons
 a - a +0 war axe (weapon)
Missiles
 d - 3 throwing nets (quivered)
Armour
 b - a +0 leather armour (worn)
 c - a +0 helmet (worn)
Scrolls
 e - a scroll of identify {unknown}
 f - a scroll of teleportation {unknown}
 g - a scroll of noise {unknown}


   Skills:
 + Level 3.2 Fighting
 + Level 4.6 Axes
 + Level 2.3 Throwing
 - Level 2.4 Dodging


You had 2 spell levels left.
You didn't know any spells.
Your spell library was empty.

Dungeon Overview and Level Annotations

Branches:
Dungeon (1/15)

Altars:

Shops:
D:1 ![


Message History

You kill the rat!
No target in view!
No target in view!
Found a club.
You start resting.
HP restored.
You start waiting.
You start waiting.
Done waiting.
You see here a rat skeleton.
You open the door.
There is an open door here.
g - a scroll labelled CABLAI TEREKIPINN A gnoll comes into view.
It is wielding a +0 spear.
A gnoll is nearby!
A gnoll is nearby!
A gnoll is nearby!
A gnoll is nearby!
The gnoll shouts!
The gnoll hits you from afar with a +0 spear.
The gnoll hits you with a +0 spear!
You hit the gnoll.
The gnoll is heavily wounded.
The gnoll hits you but does no damage. The gnoll hits you with a +0 spear.
You hit the gnoll but do no damage.
The gnoll is heavily wounded.
The gnoll hits you with a +0 spear!
* * * LOW HITPOINT WARNING * * *
You hit the gnoll.
The gnoll is severely wounded.
The gnoll hits you with a +0 spear.
* * * LOW HITPOINT WARNING * * *
You hit the gnoll.
The gnoll is severely wounded.
The gnoll hits you with a +0 spear.
* * * LOW HITPOINT WARNING * * *
You barely miss the gnoll.
The gnoll is severely wounded.
The gnoll completely misses you. The gnoll hits you with a +0 spear!
You die...

## ### ##.################.#
#...................#
##.#..#############.# #.#..#
..#.# #.#..######.##.#.#.# #
#.#..#.....g...#.#'###### #
#.#..#.#########........#≈≈≈≈
#.#........g@...>.......#...≈
##.##.#.#########......).#...≈
#.....#.##...............#...≈
#######.##..........######..S≈
#.##...............+####
#.##...÷......###### #..
#.......##.........# #..
#.......##.........# #..
#.......##........)###..


You could see a gnoll.

Vanquished Creatures
  2 dart slugs (D:1)
  3 bats (D:1)
  An endoplasm (D:1)
  3 giant cockroaches (D:1)
  4 goblins (D:1)
  3 hobgoblins (D:1)
  3 quokkas (D:1)
  3 ball pythons (D:1)
  A kobold (D:1)
  A rat (D:1)
24 creatures vanquished.

Notes
Turn   | Place    | Note
-------+----------+-------------------------------------------
     0 | D:1      | oldriver the Hill Orc Gladiator began the quest for the
                  | Orb.
     0 | D:1      | Reached XP level 1. HP: 18/18 MP: 1/1
     6 | D:1      | Noticed a hog
     6 | D:1      | Noticed a swamp worm
     7 | D:1      | Noticed a black bear
     7 | D:1      | Noticed a scorpion
   101 | D:1      | Found Daocvegh's Distillery.
   181 | D:1      | Reached XP level 2. HP: 23/25 MP: 2/2
   535 | D:1      | Found Zosor's Armour Shoppe.
   593 | D:1      | Reached XP level 3. HP: 27/31 MP: 3/3
  1222 | D:1      | Slain by a gnoll

Illustrated notes

Levels and vault maps discovered:
D:1:      onia_arrival_zoo_common, layout_basic, serial_shops,
          nicolae_shop_statue_plus, shop, chequers_serial_rivers_room_a,
          skrybe_limestone_x

Skill      XL: |  1  2 |
---------------+-------+-----
Throwing       | 2 |  2.3
Fighting       | 3 |  3.2
Axes           | |  4.6
Dodging        | |  2.4

Action                   || total
-------------------------++-------
Melee: War axe           ||    66
       Punch             ||     1
Armor: Leather armour    ||    20
Dodge: Dodged            ||    37

Table legend: (Time is in decaauts)
 A = Elapsed time spent in this place.
 B = Non-inter-level travel time spent in this place.
 C = Inter-level travel time spent in this place.
 D = Time resting spent in this place.
 E = Time spent auto-exploring this place.
 F = Levels seen in this place.
 G = Mean time per level.
                   A        B        C        D        E       F      G
               +--------+--------+--------+--------+--------+-----+--------+
         Total |   1240 |   1240 |      0 |    245 |    792 |   1 | 1240.0 |
       Dungeon |   1240 |   1240 |      0 |    245 |    792 |   1 | 1240.0 |
               +--------+--------+--------+--------+--------+-----+--------+

Top non-repeatable levels by time:
     D:1: 1240 daAuts
